[Event "*** Titled Tuesday Blitz"]
[Site "Chess.com"]
[Date "2020.04.21"]
[Round "9"]
[White "chenxiaoyuer"]
[Black "canary2016"]
[Result "1-0"]
[WhiteElo "2125"]
[BlackElo "1858"]
[TimeControl "180+1"]
[EndTime "11:50:28 PDT"]
[Termination "chenxiaoyuer won by resignation"]

1. e4 c6 2. d4 d5 3. Nc3 dxe4 4. Nxe4 Nf6 5. Ng3 Nbd7 6. Nf3 e5 7. dxe5 Qa5+ 8. Bd2 Qb6 9. exf6 Nxf6 10. Bd3 Bc5 11. O-O O-O 12. b3 Ng4 13. Qe2 Bd7 14. Bc3 Rfe8 15.
Qd2 Rad8 16. h3 Nxf2 17. Rxf2 Be3 18. Bd4 Bxd4 19. Nxd4 Bxh3 20. Nf3 Bg4 21. Kh2 Qc5 22.
Ng1 Qd6 23. Nh3 Bxh3 24. gxh3 Re6 25. Rg1 Rde8 26. Rfg2 Rh6 27. Qf2 Ree6 28. Qf3 Ref6 29. Qg4 Rf4 30. Qc8+ Qf8 31. Qxf8+ Kxf8 32. Ne2 Rfh4 33.
Rg3 g5 34. Rf1 g4 35. Nf4 gxh3 36. Rxh3 Rxh3+ 37. Nxh3 f6 38. Kg3 Kf7 39. Nf4 b6 40. Rf2 c5 41. Rh2 Rxh2 42. Kxh2 h6 43. Bf5 Ke7 44.
Kg3 Kd6 45. Ng6 Kd5 46. Kf3 Kd4 47. Ke2 Kc3 48. Kd1 Kb2 49. a4 Kc3 50. Nf4 a6 51. Nd5+ Kd4 52. Nxb6 c4 53. Nxc4 1-0

[Event "*** Titled Tuesday Blitz"]
[Site "Chess.com"]
[Date "2020.04.21"]
[Round "9"]
[White "AlexTriapishko"]
[Black "Skatchkov_V"]
[Result "1-0"]
[WhiteElo "2761"]
[BlackElo "2580"]
[TimeControl "180+1"]
[EndTime "11:50:29 PDT"]
[Termination "AlexTriapishko won by resignation"]

1. Nf3 Nf6 2. g3 e6 3. Bg2 d5 4. O-O c5 5. b3 Nc6 6. Bb2 b6 7.
c4 Bb7 8. cxd5 Nxd5 9. Nc3 Nf6 10. Rc1 Be7 11. d4 Nxd4 12. Nxd4 Bxg2 13. Nxe6 fxe6 14. Kxg2 O-O 15. Qxd8 Raxd8 16. Rfd1 Kf7 17. Nb5 a6 18. Na7 Rd6 19. Rxd6 Bxd6 20. Rd1 Ke7 21. Be5 Nd5 22. Bxg7 Ra8 23. Nc6+ Kd7 24. Ne5+ Kc7 25. Nc4 Be7 26. Be5+ Kc6 27. e4 Nc7 28. Bf4 b5 29. Ne5+ Kb6 30. Rd7 Bf6 31. Ng4 Bd8 32. Rd6+ Kb7 33. Ne5 Bf6 34.
Nd7 Bd4 35. Be3 e5 36. Bxd4 exd4 37. Nxc5+ Kc8 38. Rxd4 Rb8 39. e5 Rb6 40. Rd6 Rxd6 41. exd6 Nd5 42. Nxa6 Kd7 43. Nc7 Nc3 44. a4 Kxd6 45.
Nxb5+ Nxb5 46. axb5 1-0

[Event "*** Titled Tuesday Blitz"]
[Site "Chess.com"]
[Date "2020.04.21"]
[Round "9"]
[White "NastaJ"]
[Black "Omk124"]
[Result "0-1"]
[WhiteElo "1947"]
[BlackElo "2371"]
[TimeControl "180+1"]
[EndTime "11:50:29 PDT"]
[Termination "Omk124 won on time"]

1. e4 c5 2. c3 d5 3. exd5 Qxd5 4.
d4 Nf6 5. Nf3 e6 6. Be3 cxd4 7.
cxd4 Nc6 8. Nc3 Bb4 9. a3 Bxc3+ 10. bxc3 O-O 11. Be2 b6 12. O-O Bb7 13. c4 Qd8 14. Bg5 h6 15. Be3 Rc8 16. Rc1 Na5 17. Ne5 Qe7 18.
Qa4 Rfd8 19. Bf3 Bxf3 20. Nxf3 Qb7 21. Rfd1 Qe4 22. Nd2 Qc6 23. Qxc6 Rxc6 24. Nf3 Rxc4 25. Ne5 Rcc8 26. Kf1 Nd5 27. Bd2 Nb3 28. Rxc8 Rxc8 29. Bb4 a5 30. Bd6 Rc2 31. Nd7 Nc3 32. Re1 Ne4 33. Bg3 Nxg3+ 34. hxg3 b5 35. Nb6 Nxd4 36. Rb1 Rc3 37. a4 b4 38. Nd7 f6 39. Ke1 Kf7 40.
Nb8 Ke7 41. Na6 Kd6 42. Kd1 Kc6 43. Nxb4+ axb4 44. Rxb4 Kc5 45. Rb8 Ra3 46. Rg8 Rxa4 47. Rxg7 Kc4 48. Rg6 Kc3 0-1

[Event "*** Titled Tuesday Blitz"]
[Site "Chess.com"]
[Date "2020.04.21"]
[Round "9"]
[White "Fandorine"]
[Black "VerdeNotte"]
[Result "0-1"]
[WhiteElo "2880"]
[BlackElo "2763"]
[TimeControl "180+1"]
[EndTime "11:50:30 PDT"]
[Termination "VerdeNotte won by resignation"]

1. e4 e5 2. Nf3 Nc6 3. d4 exd4 4. Nxd4 Nf6 5. Nxc6 bxc6 6. Bd3 d5 7. exd5 cxd5 8.
O-O Be7 9. c4 O-O 10. cxd5 Bb7 11. Nc3 Nxd5 12. Bd2 Nxc3 13. Bxc3 Qd5 14. Qg4 Qg5 15.
Qxg5 Bxg5 16. Bc4 Rad8 17. Rfd1 Rxd1+ 18. Rxd1 Rd8 19. Rxd8+ Bxd8 20. f3 Kf8 21. Bd4 a5 22. Kf2 Be7 23. b3 Bb4 24. Ke2 f6 25. Bb2 Ke7 26. h4 h5 27. Bd3 Kf7 28. a3 Bd6 29.
a4 Bd5 30. Bc2 c5 31. Bc3 Bc7 32.
Be1 g5 33. g4 hxg4 34. fxg4 c4 35. bxc4 Bxc4+ 36. Kf3 gxh4 37. Bxh4 Be5 38. Be1 Bc7 39.
Ke4 Ke7 40. Kd4 Be2 41. Kc5 Bxg4 42. Kc6 Bd8 43. Kb5 Bd7+ 44. Ka6 Bg4 45. Bxa5 Be2+ 46. Kb7 Bxa5 47. Kc6 Ke6 48. Bb3+ Ke5 49. Bc4 Bxc4 0-1

[Event "*** Titled Tuesday Blitz"]
[Site "Chess.com"]
[Date "2020.04.21"]
[Round "9"]
[White "stanyga"]
[Black "joppie2"]
[Result "0-1"]
[WhiteElo "2711"]
[BlackElo "2930"]
[TimeControl "180+1"]
[EndTime "11:50:31 PDT"]
[Termination "joppie2 won by resignation"]

1. e4 e5 2. Nf3 Nc6 3. Bb5 g6 4. c3 d6 5. d4 Bd7 6. O-O Bg7 7. Re1 Nf6 8. Nbd2 O-O 9. Ba4 Re8 10. d5 Ne7 11. Bxd7 Nxd7 12. Nf1 h6 13. a4 f5 14. exf5 gxf5 15. a5 Ng6 16. Ng3 Rf8 17. Nh5 Nf6 18.
Nxg7 Kxg7 19. Qd2 f4 20. c4 Qd7 21. b4 Kh7 22. c5 Rg8 23. Kh1 Qf5 24. Ra3 Ne4 25.
Qe2 Nf6 26. Qc4 Ne7 27. cxd6 cxd6 28. Qc7 Qd7 29. Qxd7 Nxd7 30. Bxf4 Nxd5 31. Bd2 Rac8 32. g3 Rc2 33. Kg2 Rf8 34. Rc1 Rxc1 35. Bxc1 N7f6 36. Bd2 Rc8 37. Ra2 Rc4 38. Rb2 Ne4 39. Be1 Rc1 40. Rb3 Nef6 41. Bd2 Rc2 42. Be1 Kg7 43. Nh4 Kf7 44. Nf5 Ke6 45. Nxh6 e4 46. h3 a6 47. Ng4 Nxg4 48. hxg4 Nf6 49. b5 Nxg4 50. bxa6 bxa6 51. Rb6 e3 52. Bb4 Rxf2+ 53. Kh3 Kf5 0-1

[Event "*** Titled Tuesday Blitz"]
[Site "Chess.com"]
[Date "2020.04.21"]
[Round "9"]
[White "PauloCesarCosta_sad"]
[Black "AnastasiaProtopopova"]
[Result "0-1"]
[WhiteElo "2085"]
[BlackElo "2296"]
[TimeControl "180+1"]
[EndTime "11:50:31 PDT"]
[Termination "AnastasiaProtopopova won on time"]

1. Nf3 d5 2. d4 Nf6 3. c4 c6 4.
e3 Bf5 5. Bd3 Bxd3 6. Qxd3 e6 7.
O-O Be7 8. Nc3 O-O 9. e4 dxe4 10.
Nxe4 Nxe4 11. Qxe4 Nd7 12. Be3 Nf6 13. Qc2 h6 14.
Rad1 Qc7 15. h3 Rfd8 16. b3 c5 17. dxc5 Bxc5 18. Bxc5 Qxc5 19. Rfe1 a5 20. Rxd8+ Rxd8 21. Re5 Qc7 22. Re1 Qd6 23. Re2 Qd1+ 24. Qxd1 Rxd1+ 25. Re1 Rd3 26. Kf1 Rc3 27. Re2 Kf8 28. Rd2 Ke7 29. Rb2 Ne4 30. Re2 Nc5 31. Nd4 Rd3 32. Nf5+ Kf6 33. Ng3 a4 34. b4 Na6 35. Ne4+ Ke7 36. b5 Nc7 37. Rd2 Ra3 38. Nc5 Ne8 39. Rd7+ Kf6 40. Rxb7 Rxa2 41. Nd7+ Kg6 42. b6 Nd6 43.
Rc7 Rb2 44. c5 Nb5 0-1

[Event "*** Titled Tuesday Blitz"]
[Site "Chess.com"]
[Date "2020.04.21"]
[Round "9"]
[White "Shant_Sargsyan"]
[Black "wonderfultime"]
[Result "1-0"]
[WhiteElo "3010"]
[BlackElo "2914"]
[TimeControl "180+1"]
[EndTime "11:50:32 PDT"]
[Termination "Shant_Sargsyan won by resignation"]

1. d4 d5 2. c4 c6 3. Nf3 Nf6 4. Nc3 a6 5. c5 Nbd7 6. Bf4 Nh5 7. Bd2 Nhf6 8. Bf4 Nh5 9. e3 g6 10. Be2 Nxf4 11. exf4 Bg7 12. O-O O-O 13. Re1 Qc7 14. g3 Re8 15. h4 f6 16. h5 e5 17.
hxg6 hxg6 18. dxe5 fxe5 19. Nxd5 cxd5 20. Qxd5+ Kf8 21.
Nh4 Qc6 22. Qxc6 bxc6 23. Nxg6+ Kf7 24. Bh5 Kg8 25. Nxe5 Nxe5 26. Bxe8 Bg4 27. fxe5 Rxe8 28. f4 Rd8 29. Re3 Bf8 30. Rc1 Rd2 31. Ra3 Rxb2 32. Rxa6 Bf3 33. Ra8 Kg7 34. Ra7+ Kg6 35. e6 Re2 36.
Rf7 Bg7 37. f5+ Kh6 38. f6 Bh8 39. Rf8 Kh7 40. Rd1 Rxe6 41. Rxh8+ Kxh8 42. Rd8+ Kh7 43. f7 Re1+ 44. Kf2 1-0

[Event "*** Titled Tuesday Blitz"]
[Site "Chess.com"]
[Date "2020.04.21"]
[Round "9"]
[White "GMBenjaminBok"]
[Black "Gordima"]
[Result "1-0"]
[WhiteElo "2881"]
[BlackElo "2737"]
[TimeControl "180+1"]
[EndTime "11:50:32 PDT"]
[Termination "GMBenjaminBok won on time"]

1. c4 e6 2. g3 d5 3. Bg2 Nf6 4. Nf3 dxc4 5. Qa4+ Nbd7 6. Qxc4 c5 7. d4 a6 8. Qc2 Bd6 9. O-O O-O 10. Rd1 Qe7 11. Nc3 Rb8 12. dxc5 Bxc5 13. Bf4 e5 14. Bg5 Qe6 15. Bxf6 Nxf6 16. Na4 Ba7 17. Qc7 Bd7 18. Nc5 Qc6 19. Rxd7 Bxc5 20. Qxc6 bxc6 21. Rc7 e4 22. Ng5 Rxb2 23. Rxc6 h6 24. Rxc5 hxg5 25. e3 g4 26. Rc4 Re8 27. Ra4 Re6 28. Rc1 g6 29. h3 Kg7 30. hxg4 Nxg4 31. Rf1 Rf6 32. Rxe4 Rfxf2 33. Rxf2 Nxf2 34. Ra4 Nd1 35. Ra3 Re2 36. Bf3 Rxe3 37. Rxe3 Nxe3 38. Kf2 Nf5 39. Be2 a5 40. Bd3 Nd6 41. Ke3 Kf6 42. Kd4 Kg5 43. Kc5 Nc8 44.
Kb5 Kg4 45. Kxa5 Kxg3 46. a4 f5 47. Ka6 Kg4 48. a5 f4 49. Kb7 Ne7 50. a6 f3 51.
a7 1-0

[Event "*** Titled Tuesday Blitz"]
[Site "Chess.com"]
[Date "2020.04.21"]
[Round "9"]
[White "Rozum_Ivan"]
[Black "Saxar85"]
[Result "1/2-1/2"]
[WhiteElo "2724"]
[BlackElo "2609"]
[TimeControl "180+1"]
[EndTime "11:50:32 PDT"]
[Termination "Game drawn - insufficient material"]

1. d4 g6 2. Nf3 Bg7 3. g3 c5 4. c3 Na6 5. Bg2 Nf6 6. O-O O-O 7. Bf4 d5 8. Nbd2 b6 9. a3 Bb7 10. b4 Ne4 11. Qb3 cxd4 12. cxd4 Nc7 13. Rac1 Ne6 14.
Be3 Nxd2 15. Bxd2 Nxd4 16. Nxd4 Bxd4 17. Rfd1 e6 18. Bf4 Qf6 19. Rc7 Rab8 20. e3 Be5 21.
Bxe5 Qxe5 22. Rdc1 Rfc8 23. Qc3 Qxc3 24. R1xc3 Ba6 25.
Bf1 Rxc7 26. Rxc7 Bxf1 27. Kxf1 a5 28. b5 Kg7 29. Ke2 Kf6 30. f4 e5 31. fxe5+ Kxe5 32. Rxf7 h5 33. Kd3 Rc8 34. Rg7 Rc5 35. a4 Kf5 36. Rd7 Ke5 37. Rb7 Rc4 38. Rxb6 g5 39. Rh6 h4 40. gxh4 gxh4 41. Rh5+ Kd6 42. Rh6+ Ke5 43. Rc6 Rxa4 44. Ra6 Ra3+ 45. Ke2 d4 46. exd4+ Kxd4 47. b6 Rb3 48. Rxa5 Rxb6 49. Ra4+ Ke5 50.
Rxh4 Rb3 51. Kf2 Kf5 52. Kg2 Kg5 53. Rd4 Kh5 54. Re4 Rc3 55. Rf4 Rb3 56. Rf3 Rxf3 57. Kxf3 Kh4 58. h3 Kxh3 1/2-1/2

[Event "*** Titled Tuesday Blitz"]
[Site "Chess.com"]
[Date "2020.04.21"]
[Round "9"]
[White "canhhuan"]
[Black "hellokostya"]
[Result "1-0"]
[WhiteElo "2658"]
[BlackElo "2485"]
[TimeControl "180+1"]
[EndTime "11:50:32 PDT"]
[Termination "canhhuan won on time"]

1. e4 Nc6 2. Nc3 d6 3. d4 Nf6 4. g3 g6 5. Bg2 Bg7 6. Nge2 O-O 7. O-O e5 8. h3 exd4 9. Nxd4 Nxe4 10. Nxc6 Nxc3 11. Nxd8 Nxd1 12. Nxb7 Bxb7 13. Bxb7 Rab8 14. Rxd1 Rxb7 15. Rb1 Re8 16. Kf1 Be5 17. b3 f5 18.
c4 Kf7 19. Kg2 a5 20. Be3 Ra8 21. c5 a4 22. cxd6 Bxd6 23. bxa4 Rxb1 24. Rxb1 Rxa4 25. Rb2 Ke6 26. Rd2 c5 27. Kf3 c4 28. h4 c3 29.
Rc2 Be5 30. Ke2 Kd5 31. Kd3 h5 32. Bc1 Re4 33. Be3 Rb4 34. Bc1 Rb1 35. Be3 Rd1+ 36. Ke2 Rh1 37. Kd3 Rh3 38. a4 Rh1 39. Ra2 Rd1+ 40.
Ke2 Rb1 41. Kd3 Rb2 42. Ra3 Kc6 43. a5 c2 44. a6 Bd6 45. Rc3+ Kb5 46. a7 Ra2 47. Rxc2 Ra3+ 48. Ke2 Be5 49. Rd2 Kc4 50. Rd8 Bc3 51. a8=Q 1-0

[Event "*** Titled Tuesday Blitz"]
[Site "Chess.com"]
[Date "2020.04.21"]
[Round "9"]
[White "Bigfish1995"]
[Black "Tapuah"]
[Result "1-0"]
[WhiteElo "3064"]
[BlackElo "2850"]
[TimeControl "180+1"]
[EndTime "11:50:33 PDT"]
[Termination "Bigfish1995 won on time"]

1. d4 Nf6 2. Bf4 c5 3. dxc5 Nc6 4. Nf3 Qa5+ 5. Nbd2 Qxc5 6. e4 d6 7. c3 g6 8. Bd3 Bg7 9. h3 Qb6 10. Nc4 Qc7 11. Ne3 O-O 12. O-O e6 13. Qe2 h6 14.
Rad1 e5 15. Bh2 Be6 16. c4 Ne7 17. Nd5 Nexd5 18. cxd5 Bd7 19. Nd2 Rac8 20. Qe3 b5 21. Nb3 Qb6 22. Qxb6 axb6 23. a3 b4 24. Ra1 Ba4 25.
Nd2 Bc2 26. Ba6 Ra8 27. axb4 Nxe4 28. Rfc1 Nxd2 29. Rxc2 Nb3 30. Ra3 Nd4 31. Rc7 b5 32. Kf1 Rfb8 33. f3 Rb6 34. Bb7 Rxa3 35. bxa3 Bf6 36. Bg1 Kg7 37. Rd7 Kf8 38. Be3 Ke8 39. Bxd4 exd4 40. Bc6 Kf8 41. Ra7 d3 42. Ke1 Bc3+ 43.
Kd1 Rb8 44. Ra5 Rd8 45. Bxb5 1-0

[Event "*** Titled Tuesday Blitz"]
[Site "Chess.com"]
[Date "2020.04.21"]
[Round "9"]
[White "nfds"]
[Black "Richarzard69"]
[Result "1-0"]
[WhiteElo "2543"]
[BlackElo "2286"]
[TimeControl "180+1"]
[EndTime "11:50:33 PDT"]
[Termination "nfds won on time"]

1. d4 d5 2. Nf3 Nf6 3. Bf4 c5 4.
e3 Nc6 5. Be2 cxd4 6. exd4 Bf5 7. O-O e6 8. c3 Bd6 9. Bg5 h6 10. Bh4 O-O 11. Nbd2 Be7 12. Qb3 Rb8 13. a4 a6 14.
Rfe1 b5 15. axb5 axb5 16. Bg3 Bd6 17. Ne5 Bxe5 18. dxe5 Nd7 19. Nf3 b4 20. c4 Na5 21.
Qa4 Nxc4 22. Bxc4 dxc4 23. Nd4 Nc5 24. Qd1 Nd3 25. Nc6 Qe8 26. Nxb8 Qxb8 27. Re2 Rd8 28. Qa4 Qb6 29. Kh1 Qd4 30. Qa2 b3 31. Qa3 Nc5 32.
f3 Bd3 33. Bf2 Qd5 34. Ree1 Nd7 35. Qe7 Nf8 36. Ra7 Bg6 37. Rc7 Qd2 38. Kg1 c3 39. Rxc3 Qxb2 40. Rxb3 Qxb3 41. Qxd8 Qc3 42. Rf1 Bd3 43. Rd1 Bf5 44. Qe7 1-0

[Event "*** Titled Tuesday Blitz"]
[Site "Chess.com"]
[Date "2020.04.21"]
[Round "9"]
[White "cassoulet"]
[Black "SARGISMV"]
[Result "0-1"]
[WhiteElo "2611"]
[BlackElo "2445"]
[TimeControl "180+1"]
[EndTime "11:50:33 PDT"]
[Termination "SARGISMV won by checkmate"]

1. e4 e6 2. d4 d5 3. Nc3 Bb4 4.
e5 c5 5. a3 Bxc3+ 6. bxc3 Ne7 7. Qg4 O-O 8. Bd3 Nbc6 9. Bd2 c4 10. Be2 f5 11. Qg3 Qa5 12. h4 Qa4 13. Kd1 b5 14. h5 b4 15. h6 g6 16. cxb4 Nxd4 17. Qc3 Nec6 18. Nf3 Nb5 19. Qb2 a5 20. bxa5 Rb8 21.
Bb4 Nxa3 22. Qxa3 Qxb4 23. Qxb4 Rxb4 24. Kd2 Ba6 25. Kc3 Rfb8 26. Rh4 Rb1 27. Rh1 R1b4 28. Rhd1 Kf8 29. Ng5 Ke7 30. f4 d4+ 31. Rxd4 Nxd4 32. Kxd4 c3+ 33. Ke3 Bxe2 34. Kxe2 Rxf4 35. a6 Rg4 36. a7 Ra8 37. Nxh7 Re4+ 38. Kd3 Rxe5 39. Ng5 Kf6 40. Nf3 Rd5+ 41. Kxc3 Rd7 42. Rh1 Raxa7 43.
Kb2 Rh7 44. Nd4 e5 45. Ne2 Kg5 46. Re1 Kxh6 47. Ng1 e4 48. Nh3 Kg7 49. Nf4 Kf6 50.
g4 Kg5 51. Ne6+ Kxg4 52. Rg1+ Kf3 53. Ng5+ Ke3 54. Nxh7 Rxh7 55. Rxg6 f4 56. Kc1 f3 57. Rg1 f2 58. Rd1 Ke2 59. Rd2+ Kf3 60. Rd1 e3 61. Rd8 f1=Q+ 62. Kb2 Ke2 63. c4 Rb7+ 64. Kc3 Qa1+ 65. Kc2 Qb2# 0-1

[Event "*** Titled Tuesday Blitz"]
[Site "Chess.com"]
[Date "2020.04.21"]
[Round "9"]
[White "2nd_life"]
[Black "GM4life"]
[Result "1-0"]
[WhiteElo "2407"]
[BlackElo "2195"]
[TimeControl "180+1"]
[EndTime "11:50:33 PDT"]
[Termination "2nd_life won on time"]

1. e4 c5 2. Nf3 d6 3. d4 cxd4 4. Nxd4 Nf6 5. Nc3 a6 6. Be3 e5 7.
Nb3 Be7 8. f3 Be6 9. Qd2 O-O 10.
Nd5 Bxd5 11. exd5 a5 12. Be2 a4 13. Nc1 Nbd7 14. c4 a3 15. b4 Nb6 16. Nb3 Rc8 17. Rc1 Nbd7 18. O-O Ne8 19. c5 f5 20. c6 bxc6 21. dxc6 Ndf6 22. b5 d5 23. b6 d4 24. Nxd4 exd4 25. Qxd4 Nd6 26. Bc4+ Nxc4 27. Qxc4+ Kh8 28. Rfd1 Qe8 29. c7 Bd6 30. Bd4 Bf4 31. Bxf6 Bxc1 32. b7 Be3+ 33. Kh1 gxf6 34. Rb1 Rxc7 35. Qxc7 Qb8 36. Qe7 Ba7 37. Rd1 Qe8 38.
Qxe8 Rxe8 39. Rc1 Rb8 40. Rc7 f4 41. h4 h5 42. Kh2 Rxb7 43. Rxb7 Bf2 44. Kh3 Bd4 45.
Rb3 Bb2 46. Rb4 Kg7 47. Rxf4 Kg6 48. Rb4 Kf5 49. Rb3 Ke5 50. g4 1-0

[Event "*** Titled Tuesday Blitz"]
[Site "Chess.com"]
[Date "2020.04.21"]
[Round "9"]
[White "Paralinch"]
[Black "IMTominho"]
[Result "1/2-1/2"]
[WhiteElo "2955"]
[BlackElo "2808"]
[TimeControl "180+1"]
[EndTime "11:50:34 PDT"]
[Termination "Game drawn - insufficient material"]

1. e4 e5 2. Nf3 Nf6 3. Nxe5 d6 4. Nf3 Nxe4 5. d3 Nf6 6. d4 Be7 7. Bd3 O-O 8. O-O Bg4 9. Bg5 Nbd7 10. Nbd2 Re8 11. c3 c6 12. Qc2 Bh5 13. Rfe1 Bg6 14. Bxg6 hxg6 15. Re2 Qc7 16. Rae1 Bf8 17. h3 Rxe2 18.
Rxe2 Re8 19. Rxe8 Nxe8 20. Qe4 Nef6 21. Bxf6 Nxf6 22. Qe2 b5 23. Ne4 Nd5 24. g3 a5 25.
h4 a4 26. Neg5 Qe7 27. Qd3 Qf6 28. Kf1 Be7 29. Ke2 Qf5 30. Qxf5 gxf5 31. Kd3 Nf6 32. Nh2 g6 33. b3 axb3 34. axb3 Kf8 35. c4 bxc4+ 36. bxc4 Ke8 37. Ke2 Nd7 38. Nhf3 Bf6 39.
Kd3 Bg7 40. Nh3 Nf6 41. Nfg5 Bh6 42. f3 Nh5 43. g4 fxg4 44. fxg4 Nf6 45. Nxf7 Kxf7 46.
g5 Ng4 47. gxh6 Nxh6 48. Ke4 Nf5 49. Ng5+ Kf6 50. Nf3 Ke6 51. Kf4 Kf6 52. Ke4 Ng3+ 53. Kf4 Nh5+ 54. Kg4 Ng7 55. Kf4 Ne6+ 56. Kg4 c5 57. dxc5 Nxc5 58. Nd4 Ke5 59. Nb5 Ne4 60. Nc7 Kd4 61. Nb5+ Kxc4 62. Nxd6+ Nxd6 63. Kg5 Nf5 64. h5 gxh5 65. Kxh5 1/2-1/2

[Event "*** Titled Tuesday Blitz"]
[Site "Chess.com"]
[Date "2020.04.21"]
[Round "9"]
[White "TV27"]
[Black "Corpescador"]
[Result "0-1"]
[WhiteElo "2150"]
[BlackElo "2375"]
[TimeControl "180+1"]
[EndTime "11:50:34 PDT"]
[Termination "Corpescador won by resignation"]

1. c4 e5 2. Nc3 Nf6 3. e4 Bc5 4. d3 Nc6 5. Be3 Bd4 6. g3 d6 7. Bg2 h5 8. Bxd4 exd4 9. Nd5 h4 10.
Qf3 Nxd5 11. exd5 Ne5 12. Qe2 Bg4 13. f3 h3 14. Bf1 Bf5 15. O-O-O Kf8 16. g4 Bd7 17. Nxh3 Qf6 18. Bg2 Re8 19. Qd2 Nxf3 20. Bxf3 Rxh3 21. Bg2 Rhe3 22. Rhf1 Qh4 23. Be4 Bxg4 24.
Rde1 Rxe1+ 25. Rxe1 f5 26. Rf1 Re5 27. Bf3 Bxf3 28. Rxf3 Qe1+ 29. Kc2 Qxd2+ 30. Kxd2 Ke7 31. Rh3 Kf6 32. Rh8 f4 33. Rc8 Re7 34. Rf8+ Rf7 35.
Re8 Kg5 36. Ke2 Kg4 37. Kf2 Rf5 38. Re7 g5 39. Rxc7 Re5 40. Rxb7 Re3 41. Rf7 Rxd3 42. c5 dxc5 43. d6 Rd2+ 44. Ke1 Rxb2 45. d7 Rb8 46. Re7 Rd8 47. Kd2 Kf3 48. Rf7 c4 49. Rf5 g4 50.
Rd5 Ke4 51. Rd6 Ke5 52. Rg6 Rxd7 53. Rxg4 Ke4 54. Rg8 c3+ 55. Kc2 d3+ 56. Kc1 d2+ 57. Kd1 c2+ 58. Kxc2 d1=Q+ 59. Kc3 Rd3+ 60. Kc4 Qc2+ 61. Kb4 Rd4+ 62. Kb5 Qc4+ 63. Ka5 Qxg8 0-1

[Event "*** Titled Tuesday Blitz"]
[Site "Chess.com"]
[Date "2020.04.21"]
[Round "9"]
[White "robertofabregas"]
[Black "Filip_Covic"]
[Result "1-0"]
[WhiteElo "2135"]
[BlackElo "2266"]
[TimeControl "180+1"]
[EndTime "11:50:35 PDT"]
[Termination "robertofabregas won on time"]

1. Nf3 Nf6 2. e3 g6 3. Be2 Bg7 4. d4 O-O 5. h3 d6 6. c4 Nc6 7. O-O Qe8 8. Nc3 e5 9. d5 Nb8 10. e4 Nbd7 11. Be3 Nh5 12. Re1 Nf4 13. Nb5 Qd8 14. Nxa7 f5 15. Nxc8 Rxc8 16. Qb1 Nxe2+ 17. Rxe2 f4 18. Bd2 g5 19. Qd3 Nc5 20. Qc3 h5 21. b4 Nd7 22. c5 g4 23. c6 bxc6 24. dxc6 Nb6 25. Nh2 Qh4 26. Qb3+ Kh8 27. f3 gxh3 28. Be1 Qg5 29. a4 Bf6 30. a5 Ra8 31. Rb1 Nc8 32.
Qe6 Rg8 33. Qxh3 Ne7 34. Rc2 d5 35. b5 dxe4 36. fxe4 Ng6 37. Kh1 Be7 38. b6 cxb6 39.
axb6 Rac8 40. c7 Bd6 41. Rc6 Qe7 42. Qxh5+ Kg7 43. Rd1 Rh8 44. Qxh8+ Rxh8 45. Rdxd6 Nh4 46. b7 1-0

[Event "*** Titled Tuesday Blitz"]
[Site "Chess.com"]
[Date "2020.04.21"]
[Round "9"]
[White "vlad_Sid"]
[Black "mbachez"]
[Result "1-0"]
[WhiteElo "2638"]
[BlackElo "2454"]
[TimeControl "180+1"]
[EndTime "11:50:36 PDT"]
[Termination "vlad_Sid won by resignation"]

1. c4 e5 2. g3 Nf6 3. Bg2 Bc5 4. Nc3 O-O 5. e3 c6 6. Nge2 d6 7. O-O Bb6 8. h3 Re8 9. d4 Qe7 10. b3 Bf5 11. Bb2 Nbd7 12. Qd2 e4 13. Nf4 h5 14. h4 Nf8 15. d5 Ng6 16. Nxg6 Bxg6 17. dxc6 bxc6 18. Ne2 Ng4 19. Nf4 Rad8 20. Qc3 Ne5 21.
Nxg6 fxg6 22. Bxe4 d5 23. cxd5 cxd5 24. Bg2 d4 25.
exd4 Bxd4 26. Qc2 Bxb2 27. Qxb2 g5 28. hxg5 Qxg5 29. Rad1 Qf6 30. Qe2 h4 31. Rxd8 Rxd8 32. gxh4 Ng6 33. h5 Nf4 34. Qf3 Rd3 35. Qa8+ Rd8 36.
Qe4 Rd4 37. Qe8+ Kh7 38. Qe3 Qg5 39. Qf3 Nxg2 40. Qg3 Rg4 41. Kxg2 Rxg3+ 42. fxg3 Qd2+ 43. Rf2 Qd5+ 44. Kg1 Qxh5 45. Rh2 Qxh2+ 46. Kxh2 Kg6 47. Kg2 Kf5 48. Kf3 g5 49. b4 Ke5 50. Ke3 Kf5 51.
a4 g4 52. Kd4 a6 53. b5 axb5 54. a5 Ke6 55. a6 1-0

[Event "*** Titled Tuesday Blitz"]
[Site "Chess.com"]
[Date "2020.04.21"]
[Round "9"]
[White "ErikRonka"]
[Black "MarcoRiehle"]
[Result "1/2-1/2"]
[WhiteElo "2425"]
[BlackElo "2588"]
[TimeControl "180+1"]
[EndTime "11:50:36 PDT"]
[Termination "Game drawn by repetition"]

1. e4 e5 2. Nf3 Nf6 3. Nc3 Nc6 4. d4 exd4 5. Nxd4 Bb4 6. Nxc6 bxc6 7. Bd3 d5 8. Bd2 O-O 9. O-O Re8 10. Nxd5 Nxd5 11. exd5 Bxd2 12. Qxd2 cxd5 13. Rfe1 Be6 14. b4 Rb8 15. a3 Qf6 16. h3 Bf5 17. Rxe8+ Rxe8 18. Re1 Rxe1+ 19. Qxe1 g6 20. Bxf5 Qxf5 21. Qc3 Qf4 22. g3 Qd6 23. Qd4 a6 24. c4 dxc4 25. Qxc4 h5 26.
h4 Kg7 27. Kg2 Qb6 28. a4 Qb7+ 29. Kg1 Qb6 30. a5 Qd6 31. b5 axb5 32. Qxb5 Qd1+ 33. Kg2 Qe1 34. a6 Qe4+ 35. Kh2 Qd4 36. Kg1 Qa1+ 37.
Kg2 Kh7 38. Qc4 Kg8 39. Qc6 Qa5 40. Qb7 c6 41. a7 Qd5+ 42. Kh2 Qd2 43. Qb8+ Kg7 44.
Qe5+ Kh7 45. Qf4 Qa2 46. Qe3 Qa5 47. Qe7 Qa2 48. Qe3 Qa5 49. Kg2 Qd5+ 50. Kg1 Qd1+ 51. Kh2 Qa4 52. Qe7 Qa2 53. Kg2 Qd5+ 54. Kh2 Qa2 1/2-1/2

[Event "*** Titled Tuesday Blitz"]
[Site "Chess.com"]
[Date "2020.04.21"]
[Round "9"]
[White "tan275"]
[Black "Grieve72"]
[Result "1/2-1/2"]
[WhiteElo "2157"]
[BlackElo "2326"]
[TimeControl "180+1"]
[EndTime "11:50:36 PDT"]
[Termination "Game drawn by repetition"]

1. d4 d5 2. c4 e6 3. g3 dxc4 4.
Nf3 c6 5. Bg2 b5 6. a4 Bb7 7.
Ne5 Qc8 8. O-O Nf6 9. b3 cxb3 10. Qxb3 b4 11. a5 c5 12. Qa4+ Nbd7 13. Bxb7 Qxb7 14. Bg5 Bd6 15. Bxf6 gxf6 16. Nc4 Be7 17. dxc5 Bxc5 18. Rd1 Rd8 19. Nbd2 O-O 20. Nb3 Be7 21. a6 Qc7 22.
Nba5 Nb6 23. Rxd8 Rxd8 24. Nxb6 Qxb6 25. Nc6 Rd7 26. Nxe7+ Rxe7 27. Rb1 Rc7 28. Rxb4 Rc1+ 29. Kg2 Qc6+ 30. Qxc6 Rxc6 31. Ra4 Kf8 32. Kf3 Ke7 33. Ke4 f5+ 34. Kd3 Kd6 35. Rh4 Rxa6 36. Rxh7 Ke7 37. Rh8 Ra3+ 38. Kd4 Ra2 39. Kd3 a5 40. Ra8 Kf6 41.
h4 Kg6 42. f3 a4 43. g4 a3 44. h5+ Kg5 45. Ke3 f4+ 46. Kf2 Ra1 47. Ra5+ Kh6 48. Ra7 a2 49. Ra4 e5 50. Ra5 f6 51. Ra6 Kg5 52.
Ra5 Kh6 53. Ra4 Kg7 54. Ra5 Kh6 1/2-1/2

[Event "*** Titled Tuesday Blitz"]
[Site "Chess.com"]
[Date "2020.04.21"]
[Round "9"]
[White "sergiochess83"]
[Black "Ellaijio_B"]
[Result "1-0"]
[WhiteElo "2817"]
[BlackElo "2673"]
[TimeControl "180+1"]
[EndTime "11:50:37 PDT"]
[Termination "sergiochess83 won on time"]

1. c4 Nf6 2. Nc3 c5 3. Nf3 e6 4. e3 b6 5. d4 cxd4 6. exd4 Bb4 7. Bd3 Bb7 8. O-O Bxc3 9. bxc3 d6 10. Re1 O-O 11.
a4 Nbd7 12. a5 bxa5 13. Nd2 e5 14. Nb3 Rb8 15. Nxa5 Ba8 16. Bg5 Re8 17. h3 h6 18.
Bh4 Qc7 19. Ra2 exd4 20. cxd4 Be4 21. Bg3 Bxd3 22. Rxe8+ Rxe8 23. Qxd3 Ne4 24. c5 Nxg3 25. Qxg3 Qb8 26. Nb3 Re1+ 27. Kh2 Rb1 28. Nd2 Rc1 29. Qxd6 Qxd6+ 30. cxd6 Rc6 31. Rxa7 Rxd6 32. Nf3 f6 33. g4 Kf8 34. Kg3 g6 35. Kf4 Nb6 36. Ke4 Nd5 37.
Nh4 Ne7 38. f4 Re6+ 39. Kd3 Rb6 40. f5 gxf5 41. Nxf5 Nxf5 42. gxf5 Rb3+ 43. Kc4 Rxh3 44. d5 Rf3 45. d6 Rxf5 46. Ra8+ Kf7 47. d7 Rf4+ 48.
Kd3 Rf1 49. Ke2 Rd1 50. Kxd1 1-0

[Event "*** Titled Tuesday Blitz"]
[Site "Chess.com"]
[Date "2020.04.21"]
[Round "9"]
[White "NiranjanNavalgund"]
[Black "chessfrendz"]
[Result "0-1"]
[WhiteElo "2443"]
[BlackElo "2315"]
[TimeControl "180+1"]
[EndTime "11:50:37 PDT"]
[Termination "chessfrendz won by resignation"]

1. e4 d5 2. exd5 Qxd5 3. Qf3 Qxf3 4. Nxf3 Nf6 5. Bc4 c6 6. O-O Bf5 7. d3 e6 8. Bg5 Nbd7 9. Nc3 h6 10. Bf4 Nd5 11.
Bd2 Bd6 12. Rfe1 O-O 13. Bb3 Nxc3 14. Bxc3 Nc5 15. Be5 Be7 16. Nd4 Bg6 17. Bc4 Rfd8 18. b4 Na4 19. a3 Nb6 20. Bb3 Nd7 21. Bc7 Rdc8 22. Bg3 Kf8 23. Bxe6 fxe6 24. Nxe6+ Kf7 25. Nc7 Rxc7 26. Bxc7 Bf6 27. Rad1 Bc3 28. Re3 Nf6 29. Be5 Nd5 30. Rf3+ Kg8 31. Bxc3 Nxc3 32. Re1 Bh5 33. Rh3 Bg4 34. Rh4 h5 35. h3 g5 36. hxg4 gxh4 37.
gxh5 Kf7 38. Re5 Kf6 39. Rc5 Nd5 40. c4 Nf4 41. h6 Rh8 42. b5 Nxd3 43. Rh5 Kg6 44.
Rxh4 Rxh6 45. Rxh6+ Kxh6 46. bxc6 bxc6 47. Kf1 Ne5 48. c5 Nd3 49. Ke2 Nxc5 50. Ke3 Kg5 51. Kd4 Na6 52. Ke5 Nb8 53. f4+ Kg4 54. f5 c5 55. Ke6 c4 56. f6 Nc6 57. Kd6 Nd8 58. Ke7 Nc6+ 59. Kd6 Nd8 60. Ke7 Kg5 61. Kxd8 Kxf6 62.
Kc7 c3 63. Kb7 c2 64. Kxa7 0-1